 Dungeon Crawl Stone Soup version 0.31.0-12-g77e489cdc1 (webtiles) character file.

Game seed: 16939039700098600636

973 jagang the Slasher (level 8, -1/62 HPs)
             Began as a Human Monk on Feb 19, 2024.
             Was a Believer of the Shining One.
             Killed by divine providence
             ... invoked by an orc priest
              (15 damage)
             ... on level 5 of the Dungeon.
             The game lasted 00:08:51 (3830 turns).

jagang the Slasher (Human Monk)                     Turns: 3830, Time: 00:08:52

Health: -1/62      AC:  9    Str: 12    XL:     8   Next: 16%
Magic:  8/8        EV:  9    Int: 10    God:    the Shining One [**....]
Gold:   237        SH:  9    Dex: 18    Spells: 7/7 levels left

rFire   + . .        a - +0 falchion
rCold   . . .        n - +0 kite shield
rNeg    + . .        g - +0 ring mail
rPois   .            w - +0 helmet
rElec   .            (no cloak)
rCorr   .            (no gloves)
SInv    .            t - +1 pair of boots
Will    .....        (no amulet)
Stlth   +            o - ring of protection from fire
HPRegen 0.30/turn    (no ring)
MPRegen 0.11/turn

%: no passive effects
@: glowing
A: explore regen
a: Renounce Religion, Divine Shield


You were on level 5 of the Dungeon.
You worshipped the Shining One.
The Shining One was pleased with you.
You visited 1 branch of the dungeon, and saw 5 of its levels.

You collected 237 gold pieces.

Inventory:

Hand Weapons
 a - a +0 falchion (weapon)
Missiles
 k - 5 atropa-tipped darts
 x - 2 boomerangs
 y - 3 poisoned darts (quivered)
Armour
 d - an orb of light
 g - a +0 ring mail (worn)
 n - a +0 kite shield (worn)
 t - a +1 pair of boots (worn)
 w - a +0 helmet (worn)
Jewellery
 o - a ring of protection from fire (left hand)
Wands
 z - a wand of paralysis (12)
Scrolls
 e - 3 scrolls of teleportation {unknown}
 f - a scroll of blinking {unknown}
 h - 2 scrolls of amnesia {unknown}
 l - 2 scrolls of immolation {unknown}
 r - 2 scrolls of poison {unknown}
 s - a scroll of enchant weapon {unknown}
 u - a scroll of enchant armour {unknown}
 v - 5 scrolls of identify {unknown}
 A - a scroll of silence {unknown}
Potions
 b - a potion of berserk rage {unknown}
 c - 2 potions of ambrosia
 i - 5 potions of curing {unknown}
 j - a potion of attraction {unknown}
 m - 2 potions of enlightenment {unknown}
 p - a potion of might {unknown}
 q - 2 potions of heal wounds {unknown}


   Skills:
 + Level 5.1 Fighting
 * Level 6.6 Long Blades
 + Level 3.8 Armour
 - Level 3.0 Dodging
 + Level 3.5 Shields


You had 7 spell levels left.
You didn't know any spells.
Your spell library contained the following spells:

 Spells                   Type           Power      Damage    Failure   Level
 Freeze                   Ice            0%         1d3       97%         1
 Ensorcelled Hibernation  Hex/Ice        0%         N/A       99%         2
 Frozen Ramparts          Ice            0%         1d1       100%        3
 Martyr's Knell           Necr/Summ      0%         N/A       100%        4
 Dragon's Call            Summ           0%         N/A       100%        9


Dungeon Overview and Level Annotations

Branches:
Dungeon (5/15)             Temple (0/1) D:4

Altars:
Hepliaklqana
Okawaru
Ru
Wu Jian
Zin
The Shining One

Shops:
D:1 =


Innate Abilities, Weirdness & Mutations

You regain HP and MP as you explore.


Message History

You resist with some effort.
The orc priest calls upon Beogh to heal the orc wizard.
The orc wizard is healed somewhat.
You slash the orc!
You kill the orc!
The orc priest calls down the wrath of Beogh upon you.
Beogh smites you!
You hit the orc wizard but do no damage.
The orc wizard is lightly wounded.
The orc wizard hits you but does no damage.
The orc priest looks braver for a moment.
You barely miss the orc wizard.
The orc wizard is lightly wounded.
The orc priest looks satisfied for a moment.
You block the orc wizard's attack.
You hit the orc wizard.
The orc wizard is heavily wounded.
The orc wizard hits you but does no damage.
You hit the orc wizard.
The orc wizard is severely wounded.
You block the orc wizard's attack.
The orc priest calls down the wrath of Beogh upon you.
Beogh smites you!
The orc wizard hits you but does no damage.
You slash the orc wizard!
You kill the orc wizard!
You barely miss the orc priest.
The orc priest hits you but does no damage.
You hit the orc priest but do no damage.
The orc priest mumbles some strange prayers to Beogh against you.
Beogh smites you!
The orc priest invokes the aid of Beogh against you.
Beogh smites you!
* * * LOW HITPOINT WARNING * * *
You slash the orc priest!
The orc priest is heavily wounded.
You block the orc priest's attack.
The orc priest mumbles some strange prayers to Beogh against you.
Beogh smites you!
You die...

......+ ......#
..o...# .o....#
..... ###########
...
#.........########.#
#.........#.....@oo#
#.........#.########
'.........+..<....(.
#.........#.#....#.#
#.........#.#.##.#
#.#########.#.# #
#....# #)#..
####.######.###
#....)..##.#


You could see 2 orc priests.

Vanquished Creatures
  A water moccasin (D:5)
  3 ogres
  2 phantoms (D:5)
  A scorpion (D:5)
  A jelly (D:4)
  A gnoll bouda (D:3)
  An orc priest (D:3)
  A bombardier beetle (D:5)
  A hound (D:4)
  2 iguanas
  An orc wizard (D:5)
  7 gnolls
  5 adders
  A dart slug (D:1)
  14 orcs
  5 ball pythons
  5 endoplasms
  2 giant cockroaches
  5 goblins
  3 hobgoblins
  9 kobolds
  3 quokkas
  8 bats
  A frilled lizard (D:3)
  6 rats
89 creatures vanquished.

Notes
Turn   | Place    | Note
-------+----------+-------------------------------------------
     0 | D:1      | jagang the Human Monk began the quest for the Orb.
     0 | D:1      | Reached XP level 1. HP: 18/18 MP: 1/1
   135 | D:1      | Reached XP level 2. HP: 20/24 MP: 2/2
   203 | D:1      | Found Neotoof's Jewellery Boutique.
   649 | D:2      | Reached skill level 1 in Armour
   705 | D:2      | Reached XP level 3. HP: 29/29 MP: 3/3
  1135 | D:3      | Reached skill level 4 in Long Blades
  1135 | D:3      | Reached XP level 4. HP: 21/35 MP: 4/4
  1300 | D:3      | Found a glowing silver altar of Zin.
  1518 | D:3      | Found a hazy altar of Hepliaklqana.
  1540 | D:3      | Reached skill level 1 in Shields
  1616 | D:3      | Reached XP level 5. HP: 38/42 MP: 5/5
  2009 | D:3      | Got the Incunabulum of the Gelid Retinue
  2269 | D:4      | Found an ornate altar of the Wu Jian Council.
  2282 | D:4      | Noticed an ogre
  2286 | D:4      | Killed an ogre
  2287 | D:4      | Reached skill level 5 in Long Blades
  2287 | D:4      | Reached XP level 6. HP: 36/48 MP: 6/6
  2703 | D:4      | Found a glowing golden altar of the Shining One.
  2707 | D:4      | Became a worshipper of the Shining One
  2707 | D:4      | Reached * piety under the Shining One
  2707 | D:4      | Reached ** piety under the Shining One
  2758 | D:4      | Found a staircase to the Ecumenical Temple.
  2815 | D:4      | Found an iron altar of Okawaru.
  2816 | D:4      | Found a sacrificial altar of Ru.
  2998 | D:4      | Reached XP level 7. HP: 9/55 MP: 7/7
  3475 | D:5      | Entered Level 5 of the Dungeon
  3532 | D:5      | Reached skill level 6 in Long Blades
  3659 | D:5      | Reached skill level 5 in Fighting
  3659 | D:5      | Reached XP level 8. HP: 41/62 MP: 8/8
  3830 | D:5      | Killed from afar by an orc priest

Illustrated notes

Levels and vault maps discovered:
D:1:      scummos_arrival_checkerplants, layout_rooms, serial_shops,
          nicolae_shop_hallway_stairs
D:2:      layout_basic, dk_noncrumbling_4, minmay_misc_feat_enclosed
D:3:      layout_loops_ring, zin_academy, amcnicky_altar_gilded
D:4:      layout_basic, nzn_wu_jian_contemplation, nicolae_overflow_squiral,
          lemuel_tele_altar, temple_green
D:5:      layout_basic, gammafunk_temple_overflow_statue, feat_on_display

Skill      XL: |  1  2  3  4  5  6  7 |
---------------+----------------------+-----
Armour         | 1 2 3 |  3.8
Long Blades    | 4 5 6 |  6.6
Shields        | 1 2 3 |  3.5
Fighting       | 4 5 |  5.1
Dodging        | |  3.0

Action                     |  1- 3 |  4- 6 |  7- 9 || total
---------------------------+-------+-------+-------++-------
  Melee: Falchion          |    67 |   216 |    80 ||   363
  Throw: Dart              |       |     4 |     5 ||     9
 Armour: Robe              |     8 |       |       ||     8
         Ring mail         |    26 |   124 |    46 ||   196
  Dodge: Dodged            |    32 |    73 |    19 ||   124
  Block: Kite shield       |     4 |   105 |    25 ||   134
